 Dungeon Crawl Stone Soup version 0.17.0-56-gd8de76c (webtiles) character file.

1271 gorblad the Skirmisher (level 8, -3/62 HPs)
             Began as a Mummy Fighter on Dec 5, 2015.
             Slain by an orc warrior
             ... wielding a +0 short sword
              (15 damage)
             ... on level 6 of the Dungeon.
             The game lasted 00:10:10 (3954 turns).

gorblad the Skirmisher (Mummy Fighter)              Turns: 3954, Time: 00:10:10

Health: -3/62      AC: 17    Str: 21    XL:     8   Next: 28%
Magic:  8/8        EV:  5    Int:  8    God:
Gold:   266        SH: 10    Dex: 14    Spells: 0 memorised, 7 levels left

rFire  x . .     SeeInvis .     a - +2 trident
rCold  + . .     Clarity  .     f - +4 plate armour
rNeg   + + +     SustAt   .     c - +0 shield
rPois  ∞         Gourm    .     (no helmet)
rElec  .         Spirit   .     (no cloak)
rCorr  .         Warding  .     (no gloves)
rMut   .         Stasis   .     (no boots)
MR     +....                    (no amulet)
Stlth  ..........               (no ring)
                                k - ring of the Octopus King {rN+ AC+1 EV+1 Str+1 Int+1 Dex+1}

@: somewhat resistant to hostile enchantments, extremely unstealthy
A: no food or potions, fire vulnerability, cold resistance 1, negative energy
resistance 3, torment resistance, unbreathing
a: no special abilities


You were on level 6 of the Dungeon.
You were not hungry.

You visited 2 branches of the dungeon, and saw 7 of its levels.

You collected 266 gold pieces.

Inventory:

Hand Weapons
 a - a +2 trident (weapon)
Missiles
 d - 8 tomahawks (quivered)
Armour
 b - a +0 scale mail
 c - a +0 shield (worn)
 f - a +4 plate armour (worn)
Jewellery
 k - a ring of the Octopus King (left hand) {rN+ AC+1 EV+1 Str+1 Int+1 Dex+1}
   (You found it on level 5 of the Dungeon)

   [ring of positive energy]

   It affects your AC (+1).
   It affects your evasion (+1).
   It affects your strength (+1).
   It affects your intelligence (+1).
   It affects your dexterity (+1).
   It protects you from negative energy.
Scrolls
 e - a scroll of fear
 i - 2 scrolls of teleportation
 j - a scroll of amnesia


   Skills:
 + Level 5.1 Fighting
 + Level 4.7 Polearms
 + Level 0.4 Throwing
 + Level 4.8 Armour
 + Level 1.0 Dodging
 + Level 4.8 Shields


You had 7 spell levels left.
You didn't know any spells.

Dungeon Overview and Level Annotations

Branches:
Dungeon (6/15)             Temple (1/1) D:5

Altars:
Ashenzari
Cheibriados
Elyvilon
Fedhas
Gozag
Kikubaaqudgha
Makhleb
Nemelex Xobeh
Okawaru
Qazlal
Ru
Sif Muna
Trog
Vehumet
Xom
Yredelemnul
Zin
The Shining One


Innate Abilities, Weirdness & Mutations

You do not eat or drink.
Your flesh is vulnerable to fire.
You are immune to poison.
Your flesh is cold resistant.
You are immune to negative energy.
You are immune to unholy pain and torment.
You can survive without breathing.


Message History

You block the orc warrior's attack.
You hit the orc warrior.
The orc warrior is severely wounded.
The orc warrior hits you with a short sword!
* * * LOW HITPOINT WARNING * * *
You are too injured to fight recklessly!
You are too injured to fight recklessly!
You are too injured to fight recklessly!
You are too injured to fight recklessly!
You are too injured to fight recklessly!
You are too injured to fight recklessly!
You are too injured to fight recklessly!
You are too injured to fight recklessly!
You are too injured to fight recklessly!
You are too injured to fight recklessly!
You hit the orc warrior but do no damage.
The orc warrior is severely wounded.
You block the orc warrior's attack.
The orc warrior hits you with a short sword!
You die...

.# .. ## ###.. #.. #....
#.#..## #....
####.#.#.... #....
#..........# #.#.# #@#
#.#...###.#.# #o#
#.#.#.......#
#######o##+#.#..........
.............#.........#
.......................#
.....................).#
######...#.............#
###.........##........#
#<#.#...###.##........#


You could see an orc warrior and an orc wizard.

Vanquished Creatures
  Grinder (D:5)
  Sigmund (D:4)
  A centaur (D:5)
  2 ogres (D:5)
  A scorpion (D:4)
  A giant frog skeleton (D:5)
  A centaur zombie (D:6)
  A jelly (D:5)
  2 hounds
  Ijyb (D:3)
  2 orc priests
  Jessica (D:3)
  3 orc wizards
  4 worker ants
  2 hound skeletons (D:5)
  5 adders
  A shadow imp (D:5)
  2 oozes
  3 worms
  5 giant geckos
  16 orcs
  2 giant cockroaches
  4 goblins
  2 hobgoblins
  11 jackals
  6 kobolds
  4 quokkas
  A ball python (D:1)
  5 bats (D:1)
  7 giant newts
  2 rats (D:3)
100 creatures vanquished.

Notes
Turn   | Place    | Note
--------------------------------------------------------------
     0 | D:1      | gorblad the Mummy Fighter began the quest for the Orb.
     0 | D:1      | Reached XP level 1. HP: 18/18 MP: 1/1
   239 | D:1      | Reached XP level 2. HP: 13/24 MP: 2/2
   901 | D:2      | Reached XP level 3. HP: 24/29 MP: 3/3
  1125 | D:2      | Found a radiant altar of Vehumet.
  1127 | D:2      | Found a deep blue altar of Sif Muna.
  1130 | D:2      | Found a sparkling altar of Nemelex Xobeh.
  1432 | D:3      | Noticed Jessica
  1438 | D:3      | Killed Jessica
  1438 | D:3      | Reached XP level 4. HP: 35/35 MP: 4/4
  1659 | D:3      | Noticed Ijyb
  1670 | D:3      | Killed Ijyb
  1713 | D:3      | Reached XP level 5. HP: 35/41 MP: 5/5
  1893 | D:3      | Found a snail-covered altar of Cheibriados.
  1893 | D:3      | Found a basalt altar of Yredelemnul.
  1961 | D:3      | Found a faded altar to an unknown god.
  2629 | D:4      | Reached XP level 6. HP: 45/48 MP: 6/6
  2774 | D:4      | Found a white marble altar of Elyvilon.
  3022 | D:4      | Reached skill level 4 in Fighting
  3054 | D:4      | Noticed Sigmund
  3069 | D:4      | Killed Sigmund
  3069 | D:4      | Reached XP level 7. HP: 38/54 MP: 7/7
  3215 | D:5      | Entered Level 5 of the Dungeon
  3324 | D:5      | Noticed Grinder
  3341 | D:5      | Killed Grinder
  3341 | D:5      | Reached skill level 1 in Dodging
  3391 | D:5      | Reached XP level 8. HP: 52/61 MP: 8/8
  3399 | D:5      | Found a staircase to the Ecumenical Temple.
  3410 | Temple   | Entered the Ecumenical Temple
  3604 | D:5      | Reached skill level 5 in Fighting
  3634 | D:5      | Got a distressingly furry scale mail
  3635 | D:5      | Identified the cursed +1 scale mail of the Black Moon {Str+2} (You found it on level 5 of the Dungeon)
  3688 | D:5      | Got a ring of the Octopus King
  3866 | D:5      | Identified a ring of the Octopus King {rN+ AC+1 EV+1 Str+1 Int+1 Dex+1} (You found it on level 5 of the Dungeon)
  3905 | D:6      | Found a glowing golden altar of the Shining One.
  3954 | D:6      | Slain by an orc warrior

Action                   |  1- 3 |  4- 6 |  7- 9 || total
-------------------------+-------+-------+-------++-------
Melee: Trident           |   138 |   249 |   150 ||   537
Throw: Tomahawk          |       |     3 |       ||     3
  Use: Scroll            |    11 |     2 |     5 ||    18
